 Dungeon Sprint DCSS version 0.30.1-11-g7821555f0a (webtiles) character file.

Game seed: 7362592543607512341

5 DiggyJ the Cudgeller (level 1, -6/34 HPs)
             Began as an Ogre Gladiator on Jan 9, 2024.
             Mangled by a water moccasin (7 damage)
             ... in the Dungeon (Sprint IX: "|||||||||||||||||||||||||||||").
             The game lasted 00:00:07 (25 turns).

DiggyJ the Cudgeller (Ogre Gladiator)                 Turns: 25, Time: 00:00:07

Health: -6/34      AC:  3    Str: 17    XL:     1   Next: 80%
Magic:  1/1        EV: 10    Int:  9    God:
Gold:   0          SH:  0    Dex: 10    Spells: 0/0 levels left

rFire   . . .        a - +0 flail
rCold   . . .        (no shield)
rNeg    . . .        b - +0 robe
rPois   .            c - +0 hat
rElec   .            (no cloak)
rCorr   .            (gloves unavailable)
SInv    .            (boots unavailable)
Will    .....        (no amulet) Stlth
                     (no ring)
HPRegen 0.25/turn    (no ring)
MPRegen 0.07/turn

%: no teleportation
@: berserking, lethally poisoned (-6 -> -16), very quick
A: large, unfitting armour, tough skin 1
a: no special abilities


You were in the Dungeon.
You visited 1 branch

Inventory:

Hand Weapons
 a - a +0 flail (weapon)
Missiles
 d - 3 throwing nets (quivered)
 e - a large rock
Armour
 b - a +0 robe (worn)
 c - a +0 hat (worn)
Scrolls
 k - a scroll of blinking
Potions
 f - a potion of curing
 g - a potion of heal wounds
 h - a potion of haste
 i - 2 potions of magic


   Skills:
 + Level 3.1 Fighting
 + Level 3.4 Maces & Flails
 + Level 2.2 Throwing
 + Level 3.3 Dodging


You couldn't memorise any spells.
You didn't know any spells.
Your spell library was empty.

Dungeon Overview and Level Annotations

Branches:
Dungeon (1/1)

Altars:


Innate Abilities, Weirdness & Mutations

You are too large for most types of armour.
You have tough skin. (AC +1)


Message History

You kill the endoplasm!
Items here: ( )) ††.
You open the door.
A water moccasin, a scorpion, 2 iguanas and a hound come into view.
The water moccasin hisses angrily.
The iguana hisses angrily.
The hound barks!
The water moccasin completely misses you.
A red film seems to cover your vision as you go berserk!
You feel yourself moving faster!
You feel mighty!
The iguana hisses angrily.
The water moccasin bites you!
You miss the water moccasin. The water moccasin bites you.
You are poisoned.
The water moccasin poisons you!
Unknown command.
You closely miss the water moccasin.
You feel very sick.
The water moccasin bites you but does no damage.
Unknown command.
You closely miss the water moccasin.
You feel sick.
The water moccasin bites you but does no damage.
The water moccasin closely misses you.
Unknown command.
You thump the water moccasin!
The water moccasin is heavily wounded.
You feel sick. The water moccasin bites you.
* * * LOW HITPOINT WARNING * * *
You are lethally poisoned!
The water moccasin poisons you!
You barely miss the water moccasin.
The water moccasin is heavily wounded.
* * * LOW HITPOINT WARNING * * *
You feel very sick. The water moccasin misses you.
Unknown command.
You barely miss the water moccasin.
The water moccasin is heavily wounded.
* * * LOW HITPOINT WARNING * * *
You feel very sick. The water moccasin bites you!
You die... ▓▓▓▓▓▓▓▓▓▓▓▓▓▓▓▓▓▓ ▓<...')...@Ssllh.+ ▓▓▓▓▓▓▓▓▓▓▓▓▓▓▓▓▓▓

You could see a water moccasin, a scorpion, 2 iguanas and a hound.

Vanquished Creatures
  An endoplasm (D)
  A hobgoblin (D)
  A kobold (D)
  A ball python (D)
  A goblin (D)
5 creatures vanquished.

Notes
Turn   | Place    | Note
-------+----------+-------------------------------------------
     0 | D        | DiggyJ the Ogre Gladiator began the quest for the Orb.
     0 | D        | Reached XP level 1. HP: 22/22 MP: 1/1
    18 | D        | Noticed a water moccasin
    18 | D        | Noticed a scorpion
    18 | D        | Noticed an iguana
    18 | D        | Noticed an iguana
    18 | D        | Noticed a hound
    25 | D        | HP: 1/34 [poisoned by a water moccasin]
    25 | D        | Mangled by a water moccasin

Illustrated notes

Levels and vault maps discovered:
D:        linesprint [early_d, line_temple, items_1, d_10, items_2, lair_1,
          lair_end, items_3, orc_1, orc_end, items_4, d_15, swamp_1, shoals_1,
          snake_1, spider_1, d_20, vaults_1, items_5, swamp_end, shoals_end,
          snake_end, spider_end, vaults_end, d_27, items_6, zot_1, zot_end,
          crypt_end, forest_end, elf_end, slime_end, tomb_end, abyss_end,
          pan_hell_end]

Skill      XL: |  1 |
---------------+----+-----
Maces & Flails | 3 |  3.4
Fighting       | 3 |  3.1
Dodging        | 3 |  3.3
Throwing       | |  2.2

Action                     || total
---------------------------++-------
  Melee: Flail             ||    14
    Use: Potion            ||     1
 Armour: Robe              ||     4
  Dodge: Dodged            ||     4
